 Dungeon Crawl Stone Soup version 0.31-a0-343-g456c268693 (webtiles) character file.

Game seed: 15486421967757928786

10416 AdnanSaban the Basher (level 11, -8/69 HPs)
             Began as a Gargoyle Fighter on July 21, 2023.
             Was a High Priest of Okawaru.
             Mangled by Snorg (15 damage)
             ... on level 9 of the Dungeon.
             The game lasted 00:26:53 (10815 turns).

AdnanSaban the Basher (Gargoyle Fighter)           Turns: 10815, Time: 00:26:53

Health: -8/69      AC: 29    Str: 25    XL:     11   Next: 61%
Magic:  6/12       EV:  9    Int:  8    God:    Okawaru [*****.]
Gold:   594        SH:  6    Dex:  9    Spells: 10/10 levels left

rFire   . . .        x - +4 flail
rCold   + . .        c - +0 buckler
rNeg    + . .        F - +0 plate armour
rPois   ∞            o - +0 helmet
rElec   +            (no cloak)
rCorr   .            D - +0 pair of gloves
SInv    .            J - +0 pair of boots
Will    .....        (no amulet) Stlth
                     k - ring of protection from cold
HPRegen 0.31/turn    (no ring)
MPRegen 0.13/turn

%: no passive effects
@: heroic, finesse-ful
A: sickness immunity, AC +8, negative energy resistance 1, electricity
resistance, torment resistance 1, petrification resistance
a: Renounce Religion, Heroism, Finesse, Duel


You were on level 9 of the Dungeon.
You worshipped Okawaru.
Okawaru was extremely pleased with you.
You visited 2 branches of the dungeon, and saw 12 of its levels.
You also visited: Ossuary.

You collected 594 gold pieces.

Inventory:

Hand Weapons
 x - a +4 flail (weapon)
Missiles
 n - a throwing net
Armour
 c - a +0 buckler (worn)
 o - a +0 helmet (worn)
 D - a +0 pair of gloves (worn)
 F - a +0 plate armour (worn)
 J - a +0 pair of boots (worn)
Jewellery
 k - a ring of protection from cold (left hand)
 w - a +6 ring of intelligence
 B - an amulet of magic regeneration
 E - an amulet of faith
 I - a ring of ice
Wands
 l - a wand of flame (43)
 K - a wand of quicksilver (3)
Scrolls
 a - 2 scrolls of brand weapon {unknown}
 b - 5 scrolls of fog {unknown}
 h - 2 scrolls of blinking {unknown}
 i - 2 scrolls of silence {unknown}
 j - 4 scrolls of teleportation {unknown}
 p - a scroll of vulnerability {unknown}
 r - 9 scrolls of identify {unknown}
 t - 2 scrolls of noise {unknown}
 u - 2 scrolls of amnesia {unknown}
 y - 3 scrolls of fear {unknown}
 z - a scroll of enchant armour {unknown}
 G - a scroll of torment {unknown}
 H - a scroll of revelation {unknown}
Potions
 d - 3 potions of might
 e - 2 potions of heal wounds {unknown}
 f - a potion of brilliance {unknown}
 g - 2 potions of enlightenment {unknown}
 m - 4 potions of curing {unknown}
 q - 2 potions of berserk rage {unknown}
 s - 4 potions of mutation {unknown}
 v - 2 potions of degeneration {unknown}
 A - a potion of ambrosia {unknown}
 C - 2 potions of magic {unknown}


   Skills:
 + Level 8.9(13.9) Fighting
 + Level 12.3(17.3) Maces & Flails
 + Level 9.7(14.7) Armour
 + Level 2.3(7.3) Dodging
 + Level 7.7(12.7) Shields
 + Level 1.6 Invocations


You had 10 spell levels left.
You didn't know any spells.
Your spell library contained the following spells:

 Spells                   Type           Power      Damage    Failure   Level
 Freeze                   Ice            0%         1d3       98%         1
 Sting                    Tmut/Pois      0%         1d3       98%         1
 Poisonous Vapours        Pois/Air       0%         N/A       99%         2
 Frozen Ramparts          Ice            0%         1d1       100%        3
 Hailstorm                Conj/Ice       0%         3d3       100%        3
 Cause Fear               Hex            0%         N/A       100%        4
 Olgreb's Toxic Radiance  Pois           0%         N/A       100%        4
 Fireball                 Conj/Fire      0%         3d3       100%        5
 Dragon's Call            Summ           Unusable   N/A       N/A         9

Dungeon Overview and Level Annotations

Branches:
Dungeon (11/15)            Temple (1/1) D:4             Orc (0/2) D:9
Ossuary (visited)
   Lair: D:8-11

Altars:
Ashenzari
Cheibriados
Dithmenos
Elyvilon
Fedhas
Gozag
Hepliaklqana
Kikubaaqudgha
Makhleb
Nemelex Xobeh
Okawaru
Qazlal
Ru
Sif Muna
Trog
Uskayaw
Vehumet
Wu Jian
Xom
Yredelemnul
Zin
The Shining One

Shops:
D:1 ?   D:6 **

Annotations:
D:9 Snorg


Innate Abilities, Weirdness & Mutations

You are immune to sickness and miasma.
Your stone body is resilient. (AC +8)
You are immune to poison.
You resist negative energy. (rN+)
You are resistant to electric shocks. (rElec)
You are resistant to unholy torment.
You are immune to petrification.


Message History

Snorg claws you.
You fail to use your ability.
Snorg barely misses you. Snorg claws you but does no damage. Snorg misses you.
You can now deal lightning-fast blows.
You block Snorg's attack. Snorg claws you but does no damage. Snorg misses you.
Snorg bites you! Snorg claws you but does no damage. Snorg closely misses you.
You sock Snorg!
Snorg is lightly wounded.
You completely miss Snorg.
Snorg is lightly wounded.
Snorg bites you. Snorg claws you! Snorg claws you but does no damage.
You sock Snorg!
Snorg is lightly wounded.
You sock Snorg!
Snorg is moderately wounded.
Snorg bites you but does no damage. You block Snorg's attack.
Snorg claws you but does no damage.
You closely miss Snorg.
Snorg is moderately wounded.
You sock Snorg!
Snorg is moderately wounded.
Snorg bites you! You block Snorg's attack. Snorg claws you but does no damage.
You barely miss Snorg.
Snorg is moderately wounded.
You sock Snorg!
Snorg is moderately wounded.
Snorg bites you but does no damage. Snorg claws you.
* * * LOW HITPOINT WARNING * * *
Snorg barely misses you.
You sock Snorg!
Snorg is moderately wounded.
You hit Snorg.
Snorg is heavily wounded.
Snorg bites you but does no damage. Snorg claws you!
* * * LOW HITPOINT WARNING * * *
Snorg claws you but does no damage.
You hit Snorg.
Snorg is heavily wounded.
Snorg bites you!
You die...

#######.## #.# ### ##..# #.###
##.. #..## #...# #..# ###'#####
###.# ####.## #.......# #.#
#...... #.......# #.# #..>...
#.......# #.#####......
#.......###########.#..........
#.......#.....@T......###......
#.(.....'.#########.### #......
#.......### #..# #......
#.......# ##.# #......
###'##### #.# #...... #.# #.#
#...... #.# #.# ###..## #.# #.#
####[.# #.# #.# ##...[..


You could see Snorg (berserk).

Vanquished Creatures
  Erolcha (D:9)
  Fannar (D:10)
  Erica (D:9)
  A manticore (D:8)
  3 centaur zombies (D:10)
  An unseen horror zombie (D:10)
  2 trolls
  A meliai zombie (D:10)
  A shadow (D:10)
  A vampire (D:10)
  2 wraiths (D:10)
  Grum (D:9)
  7 yaks
  A warg (D:8)
  2 water moccasins
  An ice beast (D:8)
  5 orc warriors
  3 black bears
  An ogre (D:6)
  4 wolves (D:8)
  2 phantoms
  4 centaurs
  2 kobold brigands
  3 scorpions
  22 wights
  3 howler monkeys
  3 crimson imps (D:3)
  A gnoll bouda (D:9)
  3 hounds
  2 jellies
  6 orc priests
  A sleepcap (D:4)
  3 iguanas
  5 orc wizards
  Robin (D:3)
  A mummy (Ossuary)
  A howler monkey zombie (D:10)
  7 gnolls
  6 adders
  3 white imps
  2 shadow imps
  An ufetubus (D:6)
  A worm (D:4)
  3 dart slugs
  17 orcs
  A spectral bat (Ossuary)
  2 ball pythons
  9 endoplasms
  5 giant cockroaches
  12 gnoll zombies (Ossuary)
  12 goblins
  7 hobgoblins
  4 jackals
  16 kobolds
  3 quokkas
  8 bats
  3 bat simulacra (Ossuary)
  4 frilled lizards
  5 goblin simulacra (Ossuary)
  4 goblin zombies (Ossuary)
  7 hobgoblin zombies (Ossuary)
  3 kobold simulacra (Ossuary)
  6 kobold zombies (Ossuary)
  An orc zombie (Ossuary)
  8 rats
  4 rat simulacra (Ossuary)
  3 spectral goblins (Ossuary)
  5 spectral kobolds (Ossuary)
  A spectral orc (D:7)
  3 spectral rats (Ossuary)
279 creatures vanquished.

Vanquished Creatures (others)
  An orc priest (D:5)
1 creature vanquished.

Grand Total: 280 creatures vanquished

Notes
Turn   | Place    | Note
-------+----------+-------------------------------------------
     0 | D:1      | AdnanSaban the Gargoyle Fighter began the quest for the
                  | Orb.
     0 | D:1      | Reached XP level 1. HP: 14/14 MP: 1/1
    78 | D:1      | Reached XP level 2. HP: 19/19 MP: 2/2
   345 | D:1      | Reached XP level 3. HP: 23/23 MP: 3/3
   400 | D:1      | Found Tebbouno's Magic Scroll Shoppe.
  1011 | D:2      | Found a faded altar of an unknown god.
  1103 | D:2      | Reached skill level 3 in Maces & Flails
  1137 | D:2      | Reached XP level 4. HP: 29/29 MP: 4/4
  1740 | D:3      | Reached XP level 5. HP: 31/33 MP: 5/5
  1758 | D:3      | Noticed Robin
  1845 | D:3      | Killed Robin
  2073 | D:3      | Found a shimmering altar of Xom.
  2091 | D:3      | Reached skill level 4 in Maces & Flails
  2097 | D:3      | Reached skill level 1 in Dodging
  2097 | D:3      | Reached XP level 6. HP: 37/38 MP: 6/6
  2285 | D:3      | Found a shimmering blue altar of Sif Muna.
  2509 | D:4      | Found a shadowy altar of Dithmenos.
  2630 | D:4      | Found a staircase to the Ecumenical Temple.
  2636 | Temple   | Entered the Ecumenical Temple
  2761 | D:4      | Found an iron altar of Okawaru.
  2764 | D:4      | Became a worshipper of Warmaster Okawaru
  3399 | D:5      | Entered Level 5 of the Dungeon
  3412 | D:5      | Reached skill level 5 in Maces & Flails
  3431 | D:5      | Reached XP level 7. HP: 35/44 MP: 7/7
  3434 | D:5      | Reached skill level 5 in Armour
  3580 | D:5      | Reached * piety under Okawaru
  3663 | D:5      | Reached skill level 6 in Maces & Flails
  3724 | D:5      | Reached XP level 8. HP: 18/48 MP: 8/8
  3941 | D:5      | Found a hazy altar of Hepliaklqana.
  4073 | D:5      | Found a stormy altar of Qazlal.
  4218 | D:5      | Reached skill level 5 in Fighting
  4372 | D:5      | Found a sparkling altar of Nemelex Xobeh.
  4683 | D:6      | Found a sand-covered staircase.
  4687 | Ossuary  | Entered an ossuary
  5197 | D:6      | Found a glowing silver altar of Zin.
  5291 | D:6      | Reached skill level 7 in Maces & Flails
  5302 | D:6      | Reached ** piety under Okawaru
  5484 | D:6      | Found Uppuc's Assorted Antiques.
  5722 | D:6      | Found an opulent altar of Gozag.
  5724 | D:6      | Found Gozag's Platinum Reserve.
  5853 | D:6      | Reached skill level 5 in Shields
  5893 | D:7      | Reached skill level 8 in Maces & Flails
  5899 | D:7      | Reached XP level 9. HP: 38/55 MP: 9/9
  6351 | D:7      | Found a sacrificial altar of Ru.
  6506 | D:7      | Found a blossoming altar of Fedhas.
  6511 | D:7      | Found a glowing golden altar of the Shining One.
  6549 | D:7      | Found a basalt altar of Yredelemnul.
  6611 | D:8      | Noticed a manticore
  6654 | D:7      | Reached *** piety under Okawaru
  6820 | D:8      | Reached skill level 9 in Maces & Flails
  6884 | D:8      | HP: 2/55 [centaur/arrow (4)]
  7334 | D:8      | Found a radiant altar of Vehumet.
  7388 | D:8      | Found an ancient bone altar of Kikubaaqudgha.
  7532 | D:8      | Killed a manticore
  7533 | D:8      | Reached XP level 10. HP: 10/61 MP: 7/10
  7722 | D:8      | Found a bloodstained altar of Trog.
  8072 | D:8      | HP: 3/63 [warg (12)]
  8078 | D:8      | Reached skill level 10 in Maces & Flails
  8285 | D:9      | Noticed Grum
  8296 | D:9      | Killed Grum
  8304 | D:8      | Reached **** piety under Okawaru
  8942 | D:9      | Found a staircase to the Orcish Mines.
  8943 | D:9      | Noticed Erica
  9207 | D:9      | Killed Erica
  9207 | D:9      | Reached ***** piety under Okawaru
  9401 | D:9      | Reached skill level 11 in Maces & Flails
  9595 | D:9      | Noticed Erolcha
  9611 | D:10     | Entered Level 10 of the Dungeon
  9615 | D:10     | Noticed Fannar
  9631 | D:10     | Killed Fannar
  9631 | D:10     | Received a gift from Okawaru
  9632 | D:10     | Reached XP level 11. HP: 38/69 MP: 9/11
  9768 | D:10     | Noticed Snorg
  9810 | D:11     | Reached skill level 1 in Invocations
 10110 | D:9      | Killed Erolcha
 10110 | D:9      | Received a gift from Okawaru
 10111 | D:9      | Reached skill level 12 in Maces & Flails
 10231 | D:9      | Found an ornate altar of the Wu Jian Council.
 10815 | D:9      | Mangled by Snorg

Illustrated notes

Levels and vault maps discovered:
D:1:      moated_graveyard_arrival, layout_loops_corners, serial_shops, shop
D:2:      layout_loops_cross, nicolae_ecumenical_oubliette, minmay_tetromino_o2
D:3:      layout_basic, led_xom_imps, lemuel_blue_sif_altar, uniq_robin
D:4:      layout_basic, grunt_dithmenos_smoke_and_mirrors, okawaru_trees_2,
          minmay_temple_entry_hall, serial_glass, glass_columns_c,
          glass_columns_a, glass_columns_c, glass_columns_b, glass_columns_a,
          glass_columns_c, serial_bayou_pond_e
D:5:      layout_loops_ring, nicolae_hepliaklqana_hazy_memory,
          mainiacjoe_overflow_24_doors, lemuel_crystal_altar,
          minmay_diced_spiral
D:6:      layout_loops_cross, lemuel_doored_altar,
          nicolae_gozag_zags_fifth_avenue, enter_ossuary_5, serial_shops,
          nicolae_shop_behind_doors
D:7:      layout_gridville, nicolae_ru_great_annihilating_truth,
          yredelemnul_forgotten_temple_becter, mainiacjoe_overflow_big_doors
D:8:      layout_rooms, nicolae_kikubaaqudgha_miasma_corner,
          kennysheep_little_box, minivault_19, david_defended_altar_orc
D:9:      layout_roguey, pdpol_wu_jian_five_deadly_venoms, david_orc_3,
          serial_bayou_pond_d, uniq_grum, uniq_erica, uniq_erolcha
D:10:     layout_loops_cross, david_lair_shrubbed, serial_undead,
          serial_undead_d, serial_undead_a, serial_undead_e, serial_undead_f,
          uniq_lodul, uniq_fannar, uniq_snorg
D:11:     layout_gridville, serial_shops, shop, serial_bayou_lagoon_a,
          hex_medium
Temple:   nicolae_temple_stand_before_the_council

Skill      XL: |  1  2  3  4  5  6  7  8  9 10 11 |
---------------+----------------------------------+-----
Maces & Flails | 3 4 5 6 8 9 11 12 | 12.3
Armour         | 4 5 6 7 9 |  9.7
Fighting       | 4 5 6 8 |  8.9
Shields        | 4 5 6 7 |  7.7
Dodging        | 1 2 |  2.3
Invocations    | 1 |  1.6

Action                     |  1- 3 |  4- 6 |  7- 9 | 10-12 || total
---------------------------+-------+-------+-------+-------++-------
  Melee: Flail             |   122 |   220 |   447 |   376 ||  1165
 Invoke: Heroism           |       |       |     2 |     3 ||     5
         Finesse           |       |       |       |     1 ||     1
   Stab: Invisible         |       |       |     1 |       ||     1
         Paralysed         |       |       |     1 |       ||     1
 Armour: Scale mail        |    63 |    77 |       |       ||   140
         Chain mail        |       |    60 |   219 |       ||   279
         Plate armour      |       |       |    56 |   298 ||   354
  Dodge: Dodged            |    52 |    97 |   156 |   117 ||   422
  Block: Buckler           |    31 |    59 |    88 |    80 ||   258

Table legend: (Time is in decaauts)
 A = Elapsed time spent in this place.
 B = Non-inter-level travel time spent in this place.
 C = Inter-level travel time spent in this place.
 D = Time resting spent in this place.
 E = Time spent auto-exploring this place.
 F = Levels seen in this place.
 G = Mean time per level.
                   A        B        C        D        E       F      G
               +--------+--------+--------+--------+--------+-----+--------+
         Total |  10887 |  10318 |    569 |   1755 |   6050 |  13 |  837.5 |
       Dungeon |  10395 |   9826 |    569 |   1749 |   6023 |  11 |  945.0 |
        Temple |      1 |      1 |      0 |      0 |      0 |   1 |    1.0 |
       Ossuary |    490 |    490 |      0 |      6 |     27 |   1 |  490.0 |
               +--------+--------+--------+--------+--------+-----+--------+

Top non-repeatable levels by time:
     D:8: 1570 daAuts
     D:7: 1331 daAuts
     D:9: 1256 daAuts
     D:5: 1244 daAuts
     D:1: 1076 daAuts
     D:4: 1016 daAuts
     D:2: 780 daAuts
     D:6: 772 daAuts
    D:10: 620 daAuts
     D:3: 602 daAuts
 Ossuary: 490 daAuts
    D:11: 125 daAuts
  Temple: 1 daAuts
